[Event "Titled Tuesday Blitz January 17 Early 2023"]
[White "Wagh Suyog"]
[Black "Tomaszewski, Kacper"]
[WhiteFideId "25071688"]
[BlackFideId "1127373"]
[WhiteElo "2313"]
[BlackElo "2313"]
[Result "1-0"]
[Round "09"]
[TimeControl "180+2"]
[Date "2023.01.17"]
[WhiteClock "0:01:28"]
[BlackClock "0:00:18"]

1. e4 c6 2. Nf3 d5 3. d3 dxe4 4. dxe4 Qxd1+ 5. Kxd1 Nd7 6. Nfd2 f5 7. f3 Ndf6 8. Bd3 g6 9. Re1 fxe4 10. Nxe4 Nxe4 11. Bxe4 Nf6 12. Bd3 Bg7 13. c3 Bf5 14. Kc2 Nd5 15. Na3 O-O-O 16. Be4 e6 17. Bg5 Bf6 18. Bd2 Rhe8 19. Nc4 b5 20. Na5 Kc7 21. a4 Kb6 22. Nb3 a6 23. g4 Bxe4+ 24. fxe4 Ne7 25. Be3+ Kc7 26. Nc5 Nc8 27. Nxa6+ Kb7 28. Nc5+ Kc7 29. axb5 cxb5 30. Ra6 Rd6 31. Rf1 Be5 32. Rf7+ Re7 33. Rxe7+ Nxe7 34. Ra7+ Kd8 35. Bg5 1-0


[Site "https://www.chess.com"]

[Event "Titled Tuesday Blitz January 17 Early 2023"]
[White "Injac, Teodora"]
[Black "Hajiyev, Kanan"]
[WhiteFideId "932400"]
[BlackFideId "13404148"]
[WhiteElo "2391"]
[BlackElo "2197"]
[Result "1-0"]
[Round "09"]
[TimeControl "180+2"]
[Date "2023.01.17"]
[WhiteClock "0:00:02"]
[BlackClock "0:00:02"]

1. d3 d5 2. Nf3 Nf6 3. g3 g6 4. Bg2 Bg7 5. O-O O-O 6. Nbd2 c5 7. e4 Nc6 8. Re1 e5 9. exd5 Nxd5 10. Nc4 f6 11. h3 b6 12. a4 Bb7 13. h4 h5 14. Nfd2 Qc7 15. Ne4 Rad8 16. c3 Kh7 17. Qc2 Nce7 18. a5 Nf5 19. axb6 axb6 20. Bd2 Ra8 21. Qb3 Nfe7 22. Ned6 Bc6 23. Nb5 Qb7 24. Ncd6 Qd7 25. d4 cxd4 26. cxd4 exd4 27. Rxa8 Rxa8 28. Nxd4 Ba4 29. Qa3 Bc6 30. Qb3 Ba4 31. Qa3 f5 32. Rxe7 Nxe7 33. Bxa8 Bxd4 34. Bf3 Bc5 35. Bb4 Qxd6 36. Bxc5 Qxc5 37. Qxa4 Qc1+ 38. Kg2 Qc7 39. Qd4 Nc8 40. b4 Nd6 41. Qe5 Nf7 42. Qf6 Nh6 43. Bd5 Qg7 44. Qxb6 Ng4 45. Qc5 Qb2 46. Bf3 1-0


[Site "https://www.chess.com"]

[Event "Titled Tuesday Blitz January 17 Early 2023"]
[White "Alex_Sahakyan2006"]
[Black "Nguyen Hong Nhung"]
[BlackFideId "12412201"]
[WhiteElo "2675"]
[BlackElo "2003"]
[Result "1-0"]
[Round "09"]
[TimeControl "180+2"]
[Date "2023.01.17"]
[WhiteClock "0:00:18"]
[BlackClock "0:00:07"]

1. c4 f5 2. Nc3 Nf6 3. g3 g6 4. Bg2 e5 5. d3 Bg7 6. Rb1 O-O 7. e3 d6 8. Nge2 Nc6 9. b4 Ne7 10. b5 Qe8 11. a4 a6 12. O-O axb5 13. axb5 g5 14. f4 h6 15. c5 Ng6 16. d4 gxf4 17. gxf4 e4 18. b6 Qe7 19. Nb5 dxc5 20. Nxc7 Be6 21. Nxa8 Rxa8 22. dxc5 Qxc5 23. Nd4 Bd7 24. Qb3+ Kh7 25. Bb2 Nd5 26. Rbc1 Qd6 27. Nb5 Qxb6 28. Bxg7 Qxb5 29. Qxb5 Bxb5 30. Bd4 Bxf1 31. Bxf1 Rd8 32. Rb1 Rd7 33. Bb5 Rc7 34. Bf1 Rd7 35. Bh3 Nh4 36. Kf2 Nxf4 37. Bf6 Nxh3+ 38. Kg3 Ng5 39. Kxh4 Kg6 40. Rb6 Kf7 41. Bxg5 hxg5+ 42. Kxg5 Rd3 43. Rxb7+ Ke6 44. Rb6+ Kd5 45. Kf4 Kc4 46. Rc6+ Kb3 47. Rf6 Rd2 48. Rxf5 Rxh2 49. Kxe4 Kc4 50. Rf8 Rh5 51. Rf4 Kc5 52. Rf5+ Rxf5 53. Kxf5 1-0


[Site "https://www.chess.com"]

[Event "Titled Tuesday Blitz January 17 Early 2023"]
[White "Demin, Vladimir"]
[Black "Kuzmin, Roman"]
[WhiteFideId "4167457"]
[BlackFideId "44134932"]
[WhiteElo "2430"]
[BlackElo "2198"]
[Result "0-1"]
[Round "09"]
[TimeControl "180+2"]
[Date "2023.01.17"]
[WhiteClock "0:00:01"]
[BlackClock "0:00:04"]

1. d4 Nf6 2. Nc3 d5 3. Bf4 Bf5 4. e3 e6 5. f3 c5 6. g4 Bg6 7. Nb5 Na6 8. h4 h6 9. c3 Qb6 10. a4 Nd7 11. Nh3 cxd4 12. exd4 Be7 13. h5 Bh7 14. Bd3 Bh4+ 15. Kf1 O-O 16. Bxh7+ Kxh7 17. Qd3+ Kg8 18. g5 e5 19. Be3 exd4 20. Bxd4 Nac5 21. Qf5 Qe6 22. Qf4 hxg5 23. Nxg5 Bxg5 24. Qxg5 f6 25. Qg3 Qf5 26. h6 g5 27. h7+ Kh8 28. Rh6 Ne4 29. Qg4 Qxg4 30. fxg4 Kg7 31. Rh3 Rh8 32. Nc7 Rad8 33. Nxd5 Ne5 34. Nc7 Kg6 35. Kg2 Nxg4 36. Ne6 Rd7 37. Rah1 Rf7 0-1


[Site "https://www.chess.com"]

[Event "Titled Tuesday Blitz January 17 Early 2023"]
[White "Gauri, Shankar"]
[Black "Kazancev, Valerij M"]
[WhiteFideId "5041350"]
[BlackFideId "4179609"]
[WhiteElo "2360"]
[BlackElo "2313"]
[Result "1-0"]
[Round "09"]
[TimeControl "180+2"]
[Date "2023.01.17"]
[WhiteClock "0:00:06"]
[BlackClock "0:00:06"]

1. d4 g6 2. e4 Bg7 3. Nf3 e6 4. c3 Ne7 5. Bd3 a6 6. h4 h6 7. Nbd2 d5 8. Qe2 Nd7 9. e5 c5 10. Nf1 b5 11. Ng3 b4 12. Be3 bxc3 13. bxc3 Qa5 14. O-O c4 15. Bc2 Qxc3 16. Rfb1 Qa3 17. Bd2 Nc6 18. Ne4 O-O 19. Nd6 Rb8 20. h5 c3 21. Bc1 Rb2 22. hxg6 f5 23. exf6 Rxf6 24. Ne8 Qb4 25. Nxf6+ Nxf6 26. a3 Nxd4 27. Nxd4 Qxd4 28. Bxb2 cxb2 29. Ra2 Ng4 30. Raxb2 Bd7 31. Rb8+ Bf8 32. Qf3 Nf6 33. Rd1 Qe5 34. Ra8 Kg7 35. Ra7 Bd6 36. g3 Qb2 37. Qb3 Qxb3 38. Bxb3 Kxg6 39. Rxa6 Be5 40. Bxd5 exd5 41. Rxd5 Bc8 42. Rc6 Bb7 43. Rxe5 Bxc6 44. Re6 Bd5 45. Rd6 Kf5 46. a4 Ke5 47. Rd8 h5 48. a5 Ke6 49. a6 Nd7 50. a7 Nb6 51. Rb8 Na8 52. Rh8 Bf3 53. Kf1 Kf5 54. Rf8+ Kg4 55. Rf4+ Kh3 56. Rxf3 1-0


[Site "https://www.chess.com"]

[Event "Titled Tuesday Blitz January 17 Early 2023"]
[White "marik_spb"]
[Black "Trent, Lawrence"]
[BlackFideId "408638"]
[WhiteElo "2466"]
[BlackElo "2403"]
[Result "0-1"]
[Round "09"]
[TimeControl "180+2"]
[Date "2023.01.17"]
[WhiteClock "0:00:02"]
[BlackClock "0:00:18"]

1. d4 Nf6 2. c4 c5 3. Nf3 e6 4. g3 b6 5. Bg2 Bb7 6. O-O cxd4 7. Nxd4 Bxg2 8. Kxg2 d5 9. cxd5 Qxd5+ 10. Nf3 Nc6 11. Nc3 Qxd1 12. Rxd1 Be7 13. Bf4 O-O 14. Rac1 Rac8 15. Nb5 Nd5 16. Bd6 a6 17. Bxe7 Ndxe7 18. Nd6 Rcd8 19. Nc4 b5 20. Nce5 Rxd1 21. Rxd1 Rc8 22. Nxc6 Nxc6 23. Rd7 h6 24. a3 Kf8 25. e3 Ke8 26. Rb7 Nd8 27. Ra7 Rc2 28. b4 Rc6 29. Ne5 Rd6 30. h4 h5 31. Nf3 Rb6 32. Ng5 Nb7 33. Ne4 Nd6 34. Nc5 Nc4 35. Nxa6 g6 36. Nc5 Rd6 37. Rb7 Rd2 38. Rxb5 Nxe3+ 39. Kf3 Ng4 40. Ne4 Rd3+ 41. Kf4 f6 42. Nc5 e5+ 43. Ke4 Nxf2# 0-1


[Site "https://www.chess.com"]

[Event "Titled Tuesday Blitz January 17 Early 2023"]
[White "Fiorito, Joaquin"]
[Black "Ortega Ruiz, Jose Miguel"]
[WhiteFideId "180173"]
[BlackFideId "2209713"]
[WhiteElo "2405"]
[BlackElo "2351"]
[Result "1-0"]
[Round "09"]
[TimeControl "180+2"]
[Date "2023.01.17"]
[WhiteClock "0:00:05"]
[BlackClock "0:00:06"]

1. d4 g6 2. Nc3 d5 3. Bf4 c6 4. e3 Bg7 5. Be2 Nf6 6. h4 O-O 7. h5 Nbd7 8. Qd2 Ne4 9. Nxe4 dxe4 10. hxg6 fxg6 11. O-O-O Nb6 12. Nh3 Be6 13. Ng5 Bxa2 14. Rxh7 e5 15. Rxg7+ Kxg7 16. Bxe5+ Kg8 17. Nxe4 Bd5 18. Bd3 Qh4 19. g3 Qh2 20. Nf6+ Rxf6 21. Bxf6 Rf8 22. e4 Rxf6 23. exd5 cxd5 24. Qg5 Kg7 25. f4 Qh5 26. Qe5 Qxe5 27. dxe5 Rc6 28. Be2 Kf7 29. Rh1 Kg7 30. g4 Nd7 31. Bd3 Nc5 32. Rh3 Ne6 33. f5 Nf4 34. f6+ Kg8 35. Rf3 g5 36. Bf5 Kf7 37. Ra3 a6 38. Rb3 b5 39. Kd2 Rc4 40. Re3 Rd4+ 41. Kc3 Rc4+ 42. Kb3 d4 43. e6+ Kxf6 44. e7 dxe3 45. e8=Q e2 46. Bd3 Ne6 47. Qh8+ Ke7 48. Qh7+ Kd6 49. Qh1 Nd4+ 50. Ka2 Rc5 51. Qh2+ Re5 52. Bxe2 Nxe2 53. Qh6+ Kc5 54. Qxa6 Nd4 55. Qa7+ Kd5 56. Qd7+ Ke4 57. c3 Ne6 58. Qd1 Kf4 59. b3 Nc5 60. Ka3 Ne4 61. Qd4 Re6 62. Qd5 Rd6 63. Qf5+ Ke3 64. c4 bxc4 65. bxc4 Rc6 66. Kb4 Rc7 67. Qe5 Rb7+ 68. Ka5 Kd3 69. Qd5+ Kc3 70. Qxb7 Nc5 71. Qd5 Nb3+ 72. Kb5 Nd4+ 73. Kb6 Nb3 74. c5 Nd4 75. c6 Nb5 76. Qc5+ Kb3 77. Qxb5+ 1-0


[Site "https://www.chess.com"]

[Event "Titled Tuesday Blitz January 17 Early 2023"]
[White "Myshakov, Fyodor"]
[Black "Tasev, Dejan"]
[WhiteFideId "14111284"]
[BlackFideId "936618"]
[WhiteElo "2292"]
[BlackElo "2205"]
[Result "1-0"]
[Round "09"]
[TimeControl "180+2"]
[Date "2023.01.17"]
[WhiteClock "0:00:07"]
[BlackClock "0:00:41"]

1. c4 Nf6 2. Nc3 g6 3. Nf3 Bg7 4. g3 O-O 5. Bg2 b6 6. Ne5 c6 7. O-O Bb7 8. d4 d6 9. Nd3 Nbd7 10. b3 Qc7 11. Bb2 a6 12. Rc1 Rac8 13. e4 e5 14. dxe5 dxe5 15. Qe2 Rfd8 16. Rfd1 Nf8 17. Na4 N6d7 18. Bh3 c5 19. Nc3 Ne6 20. Nd5 Bxd5 21. cxd5 Nd4 22. Bxd4 exd4 23. f4 Nf6 24. Bxc8 Qxc8 25. Qf3 a5 26. a4 h5 27. Re1 Ng4 28. e5 Qb7 29. Qe4 Ne3 30. e6 f5 31. e7 Re8 32. Qe6+ Kh7 33. Rxe3 dxe3 34. d6 e2 35. Ne5 Bxe5 36. Qxe5 Qf3 37. d7 Qxb3 38. dxe8=Q Qd1+ 39. Rxd1 exd1=Q+ 40. Kf2 Qd2+ 41. Qe2 Qd4+ 42. Kg2 Qd5+ 43. Qf3 Qd2+ 44. Kh3 h4 45. Qf7+ Kh6 46. Qf8+ 1-0


[Site "https://www.chess.com"]

[Event "Titled Tuesday Blitz January 17 Early 2023"]
[White "Ordekalog"]
[Black "Ahmad, Al Khatib"]
[BlackFideId "8103178"]
[WhiteElo "2578"]
[BlackElo "2344"]
[Result "1-0"]
[Round "09"]
[TimeControl "180+2"]
[Date "2023.01.17"]
[WhiteClock "0:00:11"]
[BlackClock "0:00:04"]

1. e4 c5 2. d3 g6 3. g3 Bg7 4. Bg2 Nc6 5. f4 d6 6. Nf3 e5 7. O-O Nge7 8. f5 gxf5 9. Nh4 fxe4 10. dxe4 O-O 11. g4 Ng6 12. Nf5 Nd4 13. Nc3 Ne6 14. Nd5 Nef4 15. Bxf4 exf4 16. Qd2 Bxf5 17. exf5 Bd4+ 18. Kh1 Be3 19. Nxe3 fxe3 20. Qxe3 Ne5 21. f6 Kh8 22. Rf5 Rg8 23. h3 Rg6 24. Raf1 Qd7 25. Bd5 Rag8 26. R1f4 b6 27. b3 Qb5 28. c4 Qd7 29. a4 h6 30. Re4 Rg5 31. Qf4 R8g6 32. Qd2 Rxf5 33. gxf5 Rg5 34. Rh4 Kg8 35. Be4 Qd8 36. Rxh6 Rg3 37. Qf4 1-0


[Site "https://www.chess.com"]

[Event "Titled Tuesday Blitz January 17 Early 2023"]
[White "Ginzburg, Yakov"]
[Black "Becerra, Juan David"]
[WhiteFideId "4157176"]
[BlackFideId "4404998"]
[WhiteElo "2405"]
[BlackElo "2382"]
[Result "1/2-1/2"]
[Round "09"]
[TimeControl "180+2"]
[Date "2023.01.17"]
[WhiteClock "0:00:06"]
[BlackClock "0:02:02"]

1. e4 d5 2. exd5 Qxd5 3. Nc3 Qa5 4. d4 Nf6 5. Bd2 c6 6. Bc4 Bg4 7. Nf3 Qh5 8. Qe2 Nbd7 9. O-O-O O-O-O 10. Bf4 e6 11. Kb1 Nb6 12. Bb3 Nbd5 13. Nxd5 Nxd5 14. Bg3 Bd6 15. Rd3 Nf4 16. Bxf4 Bxf4 17. Re1 Bxh2 18. Qe3 Bxf3 19. Qxf3 Qxf3 20. Rxf3 Bd6 21. Rxf7 e5 22. dxe5 Bxe5 23. c3 Bf6 24. a4 Rhf8 25. Rxf8 Rxf8 26. g3 Rd8 27. Kc2 a5 28. f4 Kc7 29. Bc4 h5 30. Rh1 Rh8 31. Be2 h4 32. g4 g5 33. fxg5 Bxg5 34. Rh3 Bf4 35. Rf3 Bg3 36. Bf1 Rh7 37. Bh3 Re7 38. Kd3 Rd7+ 39. Ke2 Re7+ 40. Re3 Rg7 41. b4 Kb6 42. Rf3 Re7+ 43. Kd3 Re1 44. g5 Re5 45. Rf5 axb4 46. Rxe5 Bxe5 47. cxb4 Bg7 48. Ke4 Bf8 49. g6 c5 50. bxc5+ Kxc5 51. Ke5 Kb4 52. Kf6 Kxa4 53. Kf7 Bh6 54. g7 Bxg7 55. Kxg7 b5 56. Kg6 b4 57. Kh5 b3 58. Kxh4 b2 59. Bf5 b1=Q 60. Bxb1 1/2-1/2


[Site "https://www.chess.com"]

[Event "Titled Tuesday Blitz January 17 Early 2023"]
[White "Donskov, Anatoly"]
[Black "Sielecki, Christof"]
[WhiteFideId "24143413"]
[BlackFideId "4620437"]
[WhiteElo "2279"]
[BlackElo "2419"]
[Result "1/2-1/2"]
[Round "09"]
[TimeControl "180+2"]
[Date "2023.01.17"]
[WhiteClock "0:00:05"]
[BlackClock "0:00:19"]

1. e4 c5 2. Nf3 a6 3. c4 Nc6 4. d4 cxd4 5. Nxd4 e5 6. Nc2 Nf6 7. Nc3 Bc5 8. Be2 d6 9. O-O O-O 10. Be3 Be6 11. b3 Nb4 12. Nxb4 Bxb4 13. Nd5 Bxd5 14. exd5 a5 15. a3 Bc5 16. Bxc5 dxc5 17. Qc2 b6 18. Bd3 Re8 19. Rae1 Qd6 20. g3 Ra7 21. Be4 Rae7 22. Kg2 g6 23. f3 h5 24. Rf2 Kg7 25. Qd2 Nh7 26. Bc2 f5 27. Rfe2 Nf6 28. Qc3 Kf7 29. Rf1 Rh8 30. h4 Rg8 31. Qb2 Rge8 32. Qc3 Nd7 33. Qd2 Nf6 34. Qc3 e4 35. fxe4 Nxe4 36. Bxe4 Rxe4 37. Rxe4 Rxe4 38. Qh8 Rg4 39. Qh7+ Kf8 40. Qh8+ Kf7 41. Qh7+ Kf8 42. Rf3 f4 43. Qh8+ Kf7 44. Qh7+ Kf8 45. Qh8+ Kf7 46. Qh7+ Kf8 1/2-1/2


[Site "https://www.chess.com"]

[Event "Titled Tuesday Blitz January 17 Early 2023"]
[White "Lacasa Diaz, Jose Antonio"]
[Black "Golubev, Mikhail"]
[WhiteFideId "2203375"]
[BlackFideId "14100983"]
[WhiteElo "2359"]
[BlackElo "2461"]
[Result "1-0"]
[Round "09"]
[TimeControl "180+2"]
[Date "2023.01.17"]
[WhiteClock "0:00:29"]
[BlackClock "0:00:02"]

1. e4 c5 2. Nf3 d6 3. d4 cxd4 4. Nxd4 Nf6 5. Nc3 g6 6. Be3 Bg7 7. f3 O-O 8. Qd2 Nc6 9. Bc4 Nxd4 10. Bxd4 Be6 11. Bb3 Qa5 12. O-O-O b5 13. Rhe1 Bxb3 14. axb3 Rfc8 15. Kb1 Rc6 16. Bxf6 Ra6 17. Na4 Qxd2 18. Rxd2 Bxf6 19. Nc3 Bxc3 20. bxc3 Rc6 21. Kb2 Rac8 22. Rd3 a5 23. Ra1 a4 24. Re1 Kf8 25. Ree3 axb3 26. cxb3 Ra8 27. Rd2 Rca6 28. Ree2 Ra1 29. b4 f6 30. c4 bxc4 31. Kc3 Rc1+ 32. Rc2 Rxc2+ 33. Rxc2 Ke8 34. Rb2 Kd7 35. Kxc4 Rc8+ 36. Kd4 1-0


[Site "https://www.chess.com"]

[Event "Titled Tuesday Blitz January 17 Early 2023"]
[White "Marn, Jan"]
[Black "Renjith, Sravan"]
[WhiteFideId "14619245"]
[BlackFideId "4306783"]
[WhiteElo "2345"]
[BlackElo "2172"]
[Result "0-1"]
[Round "09"]
[TimeControl "180+2"]
[Date "2023.01.17"]
[WhiteClock "0:00:07"]
[BlackClock "0:01:15"]

1. d4 d5 2. Nf3 e6 3. e3 c5 4. b3 Nf6 5. Bd3 Nc6 6. Bb2 Bd6 7. O-O O-O 8. Nbd2 Qe7 9. Ne5 Nd7 10. f4 f6 11. Bxh7+ Kxh7 12. Qh5+ Kg8 13. Ng6 Qe8 14. Nf3 Ne7 15. Qh8+ Kf7 16. Nxf8 Qxf8 17. Qh5+ Kg8 18. Ng5 fxg5 19. fxg5 Nf5 20. g6 Qf6 21. dxc5 Qxb2 22. cxd6 Nf6 23. Qh3 Qe5 24. e4 dxe4 25. Rad1 Bd7 26. c4 e3 27. g4 e2 28. Rde1 exf1=Q+ 29. Qxf1 Qd4+ 30. Kh1 Bc6+ 0-1


[Site "https://www.chess.com"]

[Event "Titled Tuesday Blitz January 17 Early 2023"]
[White "Turzo, Attila"]
[Black "Silva, Pedro Gil Ferreira Da"]
[WhiteFideId "704954"]
[BlackFideId "1946102"]
[WhiteElo "2279"]
[BlackElo "2227"]
[Result "1-0"]
[Round "09"]
[TimeControl "180+2"]
[Date "2023.01.17"]
[WhiteClock "0:00:10"]
[BlackClock "0:00:18"]

1. d4 Nf6 2. Bf4 e6 3. Nf3 c5 4. e3 Be7 5. Bd3 O-O 6. O-O b6 7. h3 Bb7 8. a4 cxd4 9. exd4 d6 10. c4 Nbd7 11. b4 Re8 12. Nc3 Bf8 13. Re1 e5 14. Bg5 h6 15. Bxf6 Nxf6 16. d5 Rc8 17. a5 e4 18. Nxe4 Nxe4 19. Rxe4 Rxe4 20. Bxe4 Rxc4 21. Qe1 bxa5 22. bxa5 Qe7 23. Nd2 Rb4 24. Rb1 Rxb1 25. Qxb1 g6 26. Bf3 Bg7 27. Nc4 Ba6 28. Ne3 Bd4 29. Qb8+ Kg7 30. Qb3 Bxe3 31. Qc3+ Kg8 32. fxe3 Bb5 33. Qd4 a6 34. e4 h5 35. g3 h4 36. g4 Qg5 37. Qc3 Qf4 38. Bg2 Kf8 39. Qc8+ Kg7 40. Qc3+ Qf6 41. Qe1 Qd4+ 42. Kh2 Qe5+ 43. Kg1 g5 44. Kh1 f6 45. Qf2 Qf4 46. Qxf4 gxf4 47. Kg1 Kg6 48. Kf2 Kg5 49. Bf3 Bc4 50. Be2 Bb3 51. Bxa6 Bc2 52. Kf3 Bd1+ 53. Be2 Bxe2+ 54. Kxe2 1-0


[Site "https://www.chess.com"]

[Event "Titled Tuesday Blitz January 17 Early 2023"]
[White "Sargissyan, Sargis"]
[Black "Fiorito, Francisco"]
[WhiteFideId "13303210"]
[BlackFideId "180165"]
[WhiteElo "2234"]
[BlackElo "2305"]
[Result "1-0"]
[Round "09"]
[TimeControl "180+2"]
[Date "2023.01.17"]
[WhiteClock "0:00:31"]
[BlackClock "0:00:02"]

1. e4 c5 2. Nf3 Nc6 3. d4 cxd4 4. Nxd4 g6 5. Nc3 Bg7 6. Be3 Nf6 7. Bc4 O-O 8. Bb3 Re8 9. Nxc6 dxc6 10. h3 Qc7 11. O-O e5 12. f4 exf4 13. Bxf4 Qb6+ 14. Kh1 Be6 15. Bg5 Nh5 16. Bxe6 Rxe6 17. Rxf7 Qxb2 18. Rf3 Bxc3 19. Rb1 Qa3 20. Qd7 Qd6 21. Qf7+ Kh8 22. Rxc3 Rf8 23. Qxb7 Qe5 24. Bh6 Qxc3 25. Bxf8 Qf6 26. Ba3 Re8 27. Bb2 1-0


[Site "https://www.chess.com"]

[Event "Titled Tuesday Blitz January 17 Early 2023"]
[White "Cappai, Davide"]
[Black "Kabilov, Amin"]
[WhiteFideId "813338"]
[BlackFideId "14700859"]
[WhiteElo "2140"]
[BlackElo "2207"]
[Result "0-1"]
[Round "09"]
[TimeControl "180+2"]
[Date "2023.01.17"]
[WhiteClock "0:00:18"]
[BlackClock "0:00:10"]

1. b3 Nf6 2. Bb2 c5 3. f4 Nc6 4. Nf3 d6 5. g3 g6 6. Bg2 Bg7 7. O-O O-O 8. d3 e5 9. fxe5 Ng4 10. Qd2 Bh6 11. Qc3 Nd4 12. Kh1 Nxe2 13. Qe1 Nd4 14. Nxd4 cxd4 15. Bxd4 dxe5 16. Bg1 Bg7 17. Nd2 f5 18. h3 Nf6 19. Nc4 e4 20. Rd1 Qc7 21. dxe4 fxe4 22. Bh2 b5 23. g4 Qc5 24. Bd6 Qc6 25. Bxf8 Bxf8 26. g5 Nh5 27. Ne5 Qc7 28. Bxe4 Bb7 29. Bxb7 Qxb7+ 30. Nf3 Qc7 31. Qe6+ Kh8 32. Qe5+ Qxe5 33. Nxe5 Ng3+ 34. Kg2 Nxf1 35. Rxf1 Rc8 36. Nf7+ Kg8 37. Rf2 Bc5 38. Rf3 Bf8 39. Nh6+ Bxh6 40. gxh6 Rxc2+ 41. Rf2 Rxf2+ 42. Kxf2 Kf7 43. Ke3 g5 44. Kd4 Kg6 45. Kc5 Kxh6 46. Kxb5 Kg6 47. Kc4 h5 48. Kd3 Kf5 49. Ke3 g4 50. b4 g3 51. h4 Kg4 52. a4 Kh3 53. b5 g2 54. Kf2 Kh2 55. b6 g1=Q+ 0-1


[Site "https://www.chess.com"]

[Event "Titled Tuesday Blitz January 17 Early 2023"]
[White "Skurikhin, Dmitrij"]
[Black "Md, Imran"]
[WhiteFideId "4161297"]
[BlackFideId "25748580"]
[WhiteElo "2297"]
[BlackElo "2284"]
[Result "0-1"]
[Round "09"]
[TimeControl "180+2"]
[Date "2023.01.17"]
[WhiteClock "0:00:07"]
[BlackClock "0:00:19"]

1. d4 d5 2. Nf3 Nf6 3. c4 dxc4 4. e3 a6 5. a4 Bf5 6. Nc3 e6 7. Bxc4 Nc6 8. O-O Bd6 9. Qe2 Ne4 10. Nxe4 Bxe4 11. Nd2 Bg6 12. f4 O-O 13. Kh1 Kh8 14. Ba2 Qh4 15. Nf3 Qh5 16. Qf2 Rad8 17. Bd2 Be4 18. Ng5 Bd3 19. Rg1 Be7 20. Nf3 h6 21. Rac1 g5 22. fxg5 hxg5 23. Bb1 Bxb1 24. Rxb1 g4 25. Ne1 Bd6 26. g3 Kg7 27. e4 Rh8 28. Bc3 e5 29. Nc2 f6 30. Rbf1 Rdf8 31. Rg2 Qg5 32. Ne3 exd4 33. Nf5+ Kg6 34. Bxd4 Be5 35. Bc3 Rh3 36. Nh4+ Kh7 37. Bxe5 Qxe5 38. Qf5+ Qxf5 39. exf5 Re8 40. Rd2 Re7 41. Rf4 Ne5 42. Kg2 Kh6 43. Re2 Kg5 44. Ng6 Nxg6 45. Rd2 Nxf4+ 46. gxf4+ Kxf4 47. Rd3 Kxf5 48. Re3 Rexe3 0-1


[Site "https://www.chess.com"]

[Event "Titled Tuesday Blitz January 17 Early 2023"]
[White "Vivas Zamora, Fabian Ernesto"]
[Black "Alfaro, William"]
[WhiteFideId "3902480"]
[BlackFideId "6100457"]
[WhiteElo "2346"]
[BlackElo "2134"]
[Result "1-0"]
[Round "09"]
[TimeControl "180+2"]
[Date "2023.01.17"]
[WhiteClock "0:00:04"]
[BlackClock "0:00:13"]

1. e4 c5 2. Nc3 a6 3. g3 b5 4. Bg2 Bb7 5. Nh3 e6 6. d3 Nf6 7. O-O Be7 8. e5 Bxg2 9. Kxg2 Nd5 10. Nxd5 exd5 11. Qg4 O-O 12. Bh6 g6 13. Bxf8 Bxf8 14. Qf3 Nc6 15. Qxd5 Nb4 16. Qb3 Qc7 17. a3 c4 18. dxc4 bxc4 19. Qc3 Nd5 20. Qd4 Ne7 21. Rad1 Rd8 22. Rfe1 Qc6+ 23. Kg1 Nf5 24. Qd5 Qb6 25. Ng5 Kg7 26. Qxf7+ Kh6 27. Qxh7+ Kxg5 28. h4+ Kg4 29. Rd6 Nxd6 30. Qxg6+ Kf3 31. Qh5# 1-0


[Site "https://www.chess.com"]

[Event "Titled Tuesday Blitz January 17 Early 2023"]
[White "Berezin, Viktor"]
[Black "parintele_chess"]
[WhiteFideId "14107872"]
[WhiteElo "2307"]
[BlackElo "2259"]
[Result "1-0"]
[Round "09"]
[TimeControl "180+2"]
[Date "2023.01.17"]
[WhiteClock "0:02:06"]
[BlackClock "0:01:29"]

1. d4 d5 2. c4 e6 3. Nf3 a6 4. g3 dxc4 5. Bg2 b5 6. O-O Bb7 7. a4 Nf6 8. b3 cxb3 9. Qxb3 Bd5 10. Qb2 c6 11. Rd1 Nbd7 12. Nc3 Nb6 13. Bg5 Be7 14. Bxf6 Bxf6 15. e4 Bc4 16. a5 Nd7 17. Nd2 Bxd4 18. Nxc4 Bxc3 19. Nd6+ Ke7 20. Qxc3 1-0


[Site "https://www.chess.com"]

[Event "Titled Tuesday Blitz January 17 Early 2023"]
[White "Kuznetsov, Mikhail"]
[Black "MunichMouse"]
[WhiteFideId "4117190"]
[WhiteElo "2050"]
[BlackElo "2211"]
[Result "1-0"]
[Round "09"]
[TimeControl "180+2"]
[Date "2023.01.17"]
[WhiteClock "0:00:19"]
[BlackClock "0:00:01"]

1. Nf3 Nf6 2. g3 c5 3. Bg2 g6 4. b3 Bg7 5. Bb2 O-O 6. O-O d5 7. c4 d4 8. b4 Re8 9. bxc5 e5 10. d3 Nbd7 11. c6 bxc6 12. Nbd2 Rb8 13. Nb3 c5 14. Nfd2 Bb7 15. Bxb7 Rxb7 16. Qc2 Qc7 17. Rab1 a5 18. Ba3 Reb8 19. Na1 Bh6 20. Nf3 Qc6 21. Nb3 Qc7 22. Nbd2 Qc6 23. Rxb7 Rxb7 24. Rb1 Rxb1+ 25. Qxb1 Qa4 26. Qb3 Qc6 27. Qb5 Qxb5 28. cxb5 Bxd2 29. Nxd2 a4 30. Nc4 Nd5 31. e4 Nb4 32. Bxb4 cxb4 33. Kf1 b3 34. axb3 axb3 35. Ke2 Kf8 36. Kd2 f6 37. b6 Ke7 38. b7 Kd8 39. Nb6 Nb8 40. Nd5 f5 41. f3 Kd7 42. Kc1 Kc6 43. Kb2 Kxb7 44. Kxb3 1-0


[Site "https://www.chess.com"]

[Event "Titled Tuesday Blitz January 17 Early 2023"]
[White "Ibadov, Dashgyn"]
[Black "Rose, Felix"]
[WhiteFideId "24107514"]
[BlackFideId "5105722"]
[WhiteElo "2391"]
[BlackElo "2091"]
[Result "1-0"]
[Round "09"]
[TimeControl "180+2"]
[Date "2023.01.17"]
[WhiteClock "0:00:29"]
[BlackClock "0:00:01"]

1. e4 e5 2. Nf3 Nc6 3. Bc4 Nf6 4. d4 exd4 5. e5 d5 6. Bb5 Ne4 7. Nxd4 Bc5 8. Be3 O-O 9. Bxc6 bxc6 10. O-O Qe8 11. f3 Nf6 12. Qd2 Bxd4 13. Bxd4 Nd7 14. Nc3 Qe6 15. f4 c5 16. f5 Qc6 17. Bf2 Nxe5 18. Nxd5 Re8 19. f6 Bb7 20. Qg5 Ng6 21. c4 h6 22. Qd2 gxf6 23. Qxh6 Rad8 24. Bh4 Rxd5 25. Bxf6 Qxf6 26. Rxf6 1-0


[Site "https://www.chess.com"]

[Event "Titled Tuesday Blitz January 17 Early 2023"]
[White "Yuan, Qingyu"]
[Black "Jaskolka, Tomasz"]
[WhiteFideId "8609772"]
[BlackFideId "1170791"]
[WhiteElo "2373"]
[BlackElo "2238"]
[Result "1-0"]
[Round "09"]
[TimeControl "180+2"]
[Date "2023.01.17"]
[WhiteClock "0:00:48"]
[BlackClock "0:00:33"]

1. e4 c5 2. Nf3 e6 3. c3 Nf6 4. e5 Nd5 5. g3 Nc6 6. Bg2 d6 7. exd6 Bxd6 8. O-O O-O 9. d4 cxd4 10. Nxd4 Nxd4 11. Qxd4 Bd7 12. c4 Qb6 13. Qe4 Nb4 14. Be3 Qc7 15. c5 Bxc5 16. Rc1 Bc6 17. Rxc5 Na6 18. Rxc6 bxc6 19. Qxc6 Qe5 20. Nc3 Nb4 21. Qc5 1-0


[Site "https://www.chess.com"]

[Event "Titled Tuesday Blitz January 17 Early 2023"]
[White "Bon, Michael"]
[Black "Domingo Nunez, Ruben"]
[WhiteFideId "620696"]
[BlackFideId "22245570"]
[WhiteElo "2394"]
[BlackElo "2416"]
[Result "0-1"]
[Round "09"]
[TimeControl "180+2"]
[Date "2023.01.17"]
[WhiteClock "0:00:01"]
[BlackClock "0:01:20"]

1. e4 e5 2. Nc3 g6 3. f4 exf4 4. d4 Bg7 5. Bxf4 Nc6 6. Nf3 d6 7. Bc4 Na5 8. Bd3 Bg4 9. O-O Bxd4+ 10. Kh1 Bg7 11. Qe1 Nc6 12. e5 Nge7 13. exd6 cxd6 14. Qh4 Bxf3 15. Rxf3 O-O 16. Bg5 Qd7 17. Ne4 Nf5 18. Qh3 f6 19. Bd2 Ne5 20. Rf2 Rad8 21. Raf1 d5 22. Nc5 Qc6 23. Rxf5 Qxc5 24. R5f2 f5 0-1


[Site "https://www.chess.com"]

[Event "Titled Tuesday Blitz January 17 Early 2023"]
[White "Garv Gaur"]
[Black "Averjanov, Alexey"]
[WhiteFideId "45030839"]
[BlackFideId "14109867"]
[WhiteElo "2006"]
[BlackElo "2399"]
[Result "0-1"]
[Round "09"]
[TimeControl "180+2"]
[Date "2023.01.17"]
[WhiteClock "0:00:08"]
[BlackClock "0:01:21"]

1. d4 d5 2. Nf3 Nf6 3. c4 dxc4 4. g3 b5 5. Bg2 Bb7 6. O-O a6 7. a4 e6 8. b3 cxb3 9. Qxb3 c6 10. Bb2 Nbd7 11. Rc1 Rc8 12. Na3 Be7 13. Nc4 bxc4 14. Qxb7 Rb8 15. Qxc6 Rxb2 16. Qxa6 O-O 17. Qxc4 Qa5 18. Rab1 Rfb8 19. Rxb2 Rxb2 20. Qc8+ Bf8 21. e3 Qxa4 22. Ne5 Nxe5 23. dxe5 Ng4 24. Bc6 Qa5 25. Rf1 Nxe3 26. fxe3 Qd2 27. Ra1 Qf2+ 28. Kh1 Qxh2# 0-1


[Site "https://www.chess.com"]